 Dungeon Crawl Stone Soup version 0.18.1-8-gdd0e5ea (webtiles) character file.

431 graki42 the Firebug (level 6, -2/33 HPs)
             Began as a Deep Elf Fire Elementalist on May 28, 2016.
             Shot with an arrow by a centaur (11 damage)
             ... on level 5 of the Dungeon.
             The game lasted 00:12:00 (3359 turns).

graki42 the Firebug (Deep Elf Fire Elementalist)    Turns: 3359, Time: 00:12:00

Health: -2/33      AC:  4    Str:  6    XL:     6   Next: 67%
Magic:  11/15      EV:  8    Int: 21    God:
Gold:   218        SH:  0    Dex: 15    Spells: 4 memorised, 4 levels left

rFire  . . .     SeeInvis .     s - +1 dagger (speed)
rCold  . . .     Gourm    .     a - +0 robe
rNeg   . . .     Faith    .     (no shield)
rPois  .         Spirit   .     l - +2 hat
rElec  .         Dismiss  .     (no cloak)
rCorr  .         Reflect  .     (no gloves)
SustAt .         Harm     .     (no boots)
MR     .....                    (no amulet)
Stlth  +++.......               (no ring)
                                (no ring)

@: not resistant to hostile enchantments, fairly stealthy
A: no striking features
a: no special abilities


You were on level 5 of the Dungeon.
You were hungry.

You visited 1 branch of the dungeon, and saw 5 of its levels.

You collected 218 gold pieces.

Inventory:

Hand Weapons
 s - a +1 dagger of speed (weapon)
Armour
 a - a +0 robe (worn)
 l - a +2 hat (worn)
Scrolls
 e - 9 scrolls of identify {unknown}
 i - a scroll of remove curse {unknown}
 j - a scroll of recharging {unknown}
 k - 2 scrolls of teleportation {unknown}
 n - a scroll of noise {unknown}
 o - a scroll of fear {unknown}
 p - a scroll of fog {unknown}
 r - a scroll of blinking {unknown}
 t - a scroll of random uselessness {unknown}
 u - a scroll of amnesia {unknown}
 v - a scroll of magic mapping {unknown}
 z - 3 scrolls of immolation {unknown}
Potions
 d - a potion of mutation {unknown}
 f - a potion of might {unknown}
 m - 3 potions of curing {unknown}
 A - a potion of haste {unknown}
Books
 b - a book of Flames

   Spells                             Type                      Level
   a - Flame Tongue                   Conjuration/Fire             1
   b - Throw Flame                    Conjuration/Fire             2
   c - Conjure Flame                  Conjuration/Fire             3
   d - Inner Flame                    Hexes/Fire                   3
   e - Sticky Flame                   Conjuration/Fire             4
   f - Fireball                       Conjuration/Fire             5
 w - a book of Cantrips

   Spells                             Type                      Level
   a - Corona                         Hexes                        1
   b - Animate Skeleton               Necromancy                   1
   c - Summon Small Mammal            Summoning                    1
   d - Apportation                    Translocation                1
 y - a book of Party Tricks

   Spells                             Type                      Level
   a - Summon Butterflies             Summoning                    1
   b - Apportation                    Translocation                1
   c - Tukima's Dance                 Hexes                        3
   d - Alistair's Intoxication        Transmutation/Poison         5
   e - Invisibility                   Hexes                        6
Comestibles
 c - 4 bread rations
 g - 2 meat rations
 h - a royal jelly
 q - 2 beef jerkies
 x - 2 fruits


   Skills:
 + Level 0.4 Fighting
 + Level 3.4 Dodging
 + Level 4.6 Stealth
 + Level 5.1 Spellcasting
 + Level 3.1 Conjurations
 + Level 5.3 Fire Magic


You had 4 spell levels left.
You knew the following spells:

 Your Spells              Type           Power        Failure   Level  Hunger
a - Flame Tongue          Conj/Fire      ###..        1%          1    None
b - Conjure Flame         Conj/Fire      ###.....     6%          3    ##.....
c - Inner Flame           Hex/Fire       ###.....     14%         3    ##.....
d - Sticky Flame          Conj/Fire      ###.....     21%         4    ####...


Dungeon Overview and Level Annotations

Branches:
Dungeon (5/15)
 Temple: D:4-7

Altars:
Gozag
Makhleb
Yredelemnul


Message History

Press: ? - help, Shift-Dir - straight line, f - orc wizard
Aim: an orc wizard, wielding a dagger and wearing a robe The flame tongue hits the orc wizard.
The orc wizard is severely wounded.
The centaur wields a shortbow.
The centaur shoots an arrow.
The arrow hits you! The orc wizard casts a spell at you.
You resist with some effort.
An ogre comes into view. It is wielding a giant club.
The centaur shoots an arrow.
The arrow hits you.
The centaur shoots an arrow.
The arrow hits you.
You see here 2 arrows.
Found a stone staircase leading down.
Found an embroidered hat.
The orc wizard gestures at you while chanting.
The magic dart hits you!
* * * LOW HITPOINT WARNING * * *
The centaur shoots an arrow.
The arrow closely misses you.
There is a stone staircase leading down here.
The centaur shoots an arrow.
The arrow hits you!
You die...

.
#.###.#(#.......
# #!#.#.......
#...###....#
##c.# ....# #.o#
O.[# #..# .##
#..# .#
###.##..#
.......@#
###...[.(.#
#######.# .# #


You could see a centaur and an orc wizard.

Vanquished Creatures
  The ghost of Shtopit the Ducker, an amateur SpCj (D:4)
  A hound (D:4)
  An orc wizard (D:5)
  An iguana (D:4)
  3 worker ants (D:4)
  10 adders
  3 worms
  4 dart slugs
  3 giant geckos
  4 orcs
  7 giant cockroaches
  7 goblins
  5 hobgoblins
  4 jackals (D:4)
  10 bats
  5 giant newts (D:1)
  A jackal skeleton (D:4)
  5 kobolds
  A quokka skeleton (D:4)
  6 rats
82 creatures vanquished.

Notes
Turn   | Place    | Note
--------------------------------------------------------------
     0 | D:1      | graki42 the Deep Elf Fire Elementalist began the quest for the Orb.
     0 | D:1      | Reached XP level 1. HP: 10/10 MP: 6/6
   202 | D:1      | Reached XP level 2. HP: 15/15 MP: 1/8
   974 | D:2      | Reached XP level 3. HP: 17/19 MP: 5/9
  1333 | D:2      | Found a burning altar of Makhleb.
  1604 | D:3      | Reached XP level 4. HP: 24/24 MP: 6/12
  1609 | D:3      | Learned a level 3 spell: Conjure Flame
  1613 | D:3      | Learned a level 3 spell: Inner Flame
  1618 | D:3      | Learned a level 4 spell: Sticky Flame
  2144 | D:3      | Reached XP level 5. HP: 22/28 MP: 5/13
  2153 | D:3      | Found an opulent altar of Gozag.
  2496 | D:4      | Noticed Shtopit's ghost (amateur SpCj)
  2507 | D:4      | Killed Shtopit's ghost
  2507 | D:4      | Reached skill level 5 in Fire Magic
  2507 | D:4      | Reached XP level 6. HP: 18/33 MP: 3/15
  2725 | D:4      | Reached skill level 5 in Spellcasting
  3335 | D:5      | Entered Level 5 of the Dungeon
  3335 | D:5      | Found a basalt altar of Yredelemnul.
  3359 | D:5      | Shot with an arrow by a centaur

Skill      XL: |  1  2  3  4  5  6 |
---------------+-------------------+-----
Fire Magic     | 4 5 |  5.3
Spellcasting   | 4 5 |  5.1
Stealth        | 3 4 |  4.6
Dodging        | 3 |  3.4
Conjurations   | 2 3 |  3.1
Fighting       | |  0.4

Action                   |  1- 3 |  4- 6 || total
-------------------------+-------+-------++-------
Melee: Unarmed           |     2 |       ||     2
       Dagger            |       |     7 ||     7
 Cast: Flame Tongue      |    74 |    83 ||   157
       Sticky Flame      |       |     2 ||     2
 Stab: Sleeping          |     1 |     6 ||     7
       Distracted        |     1 |       ||     1
  Eat: Chunk             |     2 |     5 ||     7
Armor: Robe              |     6 |     7 ||    13
Dodge: Dodged            |    24 |    29 ||    53
